Map: [ESL] Royal Blood

Players

MaxPax - Winner!

  • Race: Protoss Protoss
  • Spawn Location: 7:00

SKillous

  • Race: Protoss Protoss
  • Spawn Location: 1:00

Event: ESL SC2 Masters 2023 Summer (Regionals)

VOD

Have the link to the VOD?

Description

Time

  • Played on: May 20, 2023, 12:38 p.m.
  • Length: 7:59

All games in this series

Show
View Real Time Build Order
Export as new Build Order

MaxPax Protoss - Winner!

Build Orders: 1 Gate Expand, Proxy Void Ray 

Get SALT Encoding   

  12  0:00  Probe  
  13  0:12  Probe  
  14  0:19  Pylon  
  14  0:24  Probe  
  15  0:37  Probe (Chrono Boost)  
  15  0:38  Gateway  
  16  0:46  Probe (Chrono Boost)  
  16  0:47  Assimilator  
  17  0:52  Probe  
  18  1:04  Probe  
  19  1:16  Probe  
  20  1:23  Nexus  
  20  1:32  Cybernetics Core  
  20  1:36  Probe  
  21  1:41  Assimilator  
  21  1:48  Probe  
  21  1:51  Pylon  
  22  2:01  Probe  
  23  2:06  Adept (Chrono Boost)  
  23  2:13  Probe  
  23  2:15  Stargate  
  26  2:25  Probe, Warp Gate  
  27  2:32  Shield Battery  
  27  2:34  Stalker  
  29  2:39  Probe  
  29  2:42  Probe  
  31  2:55  Probe  
  36  3:06  Void Ray (Chrono Boost)  
  36  3:07  Forge  
  36  3:12  Shield Battery  
  37  3:23  Shield Battery  
  40  3:36  Void Ray (Chrono Boost)  
  40  3:42  Photon Cannon  
  40  3:46  Photon Cannon  
  40  3:49  Probe  
  39  3:59  Photon Cannon  
  39  4:14  Void Ray (Chrono Boost)  
  44  4:20  Shield Battery  
  43  4:26  Zealot  
  43  4:28  Pylon  
  45  4:37  Photon Cannon  
  44  4:46  Photon Cannon  
  48  5:01  Void Ray (Chrono Boost)  
  48  5:07  Photon Cannon  
  48  5:15  Probe  
  45  5:23  Photon Cannon  
  44  5:36  Void Ray (Chrono Boost)  
  43  5:46  Photon Cannon  
  43  5:48  Gateway  
  43  5:49  Probe  
  44  5:51  Probe  
  45  6:10  Probe  
  49  6:13  Void Ray (Chrono Boost)  
  49  6:16  Probe  
  50  6:20  Pylon  
  50  6:25  Probe  
  51  6:38  Pylon  
  51  6:40  Cybernetics Core  
  51  6:42  Zealot  
  53  6:53  Probe  
  52  6:54  Probe  
  52  7:00  Void Ray (Chrono Boost)  
  57  7:05  Zealot  
  57  7:06  Photon Cannon  
  57  7:07  Probe  
  60  7:20  Probe, Shield Battery  
  59  7:24  Gateway  
  59  7:28  Stalker  
  60  7:40  Pylon  
Show
View Real Time Build Order
Export as new Build Order

SKillous Protoss 

Build Orders:  

Get SALT Encoding   

  12  0:00  Probe  
  13  0:12  Probe  
  14  0:17  Pylon  
  14  0:24  Probe (Chrono Boost)  
  15  0:36  Probe (Chrono Boost), Gateway  
  16  0:44  Probe (Chrono Boost)  
  16  0:45  Assimilator  
  17  0:50  Probe  
  17  0:54  Assimilator  
  18  1:03  Probe (Chrono Boost)  
  19  1:07  Gateway  
  20  1:12  Probe (Chrono Boost)  
  20  1:17  Probe (Chrono Boost)  
  20  1:24  Cybernetics Core  
  21  1:29  Probe  
  22  1:37  Pylon  
  22  1:41  Probe  
  23  1:57  Gateway  
  26  2:03  Stalker  
  26  2:04  Stalker  
  26  2:05  Warp Gate (Chrono Boost)  
  27  2:15  Pylon  
  27  2:33  Stalker x2  
  30  2:44  Stalker (Chrono Boost)  
  32  2:52  Gateway  
  32  3:03  Stalker (Chrono Boost)  
  36  3:10  Pylon  
  36  3:11  Stalker (Chrono Boost)  
  36  3:46  Stalker x4  
  44  3:49  Pylon  
  42  4:09  Stalker x2  
  46  4:16  Stalker  
  48  4:22  Stalker  
  46  4:35  Stalker  
  46  4:40  Stalker  
  48  4:53  Stalker  
  48  5:04  Zealot, Stalker  
  48  5:06  Zealot  
  46  5:24  Stalker  
  40  5:28  Stalker  
  38  5:36  Stalker  
  38  5:37  Zealot  
  42  5:46  Adept  
  42  5:51  Stalker  
  36  6:11  Stalker  
  38  6:19  Stalker  
  40  6:34  Stalker x2  
  42  6:53  Stalker  
  42  6:59  Stalker  
  42  7:00  Zealot x2  
  44  7:20  Stalker x2  
  48  7:33  Stalker x2  
Tags
 
Add a new tag
Caveats
  • Supply blocks, unpowered buildings, or Contaminate may cause inaccurate times.
  • Supply counts are checked every 10 seconds.